 Dungeon Crawl Stone Soup version 0.29.0-4-gdea44cf6ec (webtiles) character file.

Game seed: 2085225066623313858

118 Plasmagod the Chopper (level 4, -3/58 HPs)
             Began as a Minotaur Berserker on Aug 27, 2022.
             Was a Believer of Trog.
             Slain by a gnoll
             ... wielding a +0 halberd
              (5 damage)
             ... on level 3 of the Dungeon.
             The game lasted 00:01:55 (1438 turns).

Plasmagod the Chopper (Minotaur Berserker)          Turns: 1438, Time: 00:01:56

Health: -3/58      AC:  2    Str: 24    XL:     4   Next: 72%
Magic:  3/3        EV: 11    Int:  4    God:    Trog [**....]
Gold:   82         SH:  2    Dex:  9    Spells: 3/3 levels left

rFire   . . .      SeeInvis .   a - +0 hand axe
rCold   . . .      Faith    .   m - +0 buckler
rNeg    . . .      Spirit   .   b - +0 animal skin
rPois   .          Reflect  .   (helmet restricted)
rElec   .          Harm     .   (no cloak)
rCorr   .          Rampage  .   (no gloves)
Will    .....                   (no boots)
Stlth   ..........              (no amulet)
HPRegen 0.19/turn               (no ring)
MPRegen 0.08/turn               (no ring)

@: berserking, very quick
A: horns 2, retaliatory headbutt
a: Renounce Religion, Berserk, Trog's Hand


You were on level 3 of the Dungeon.
You worshipped Trog.
Trog was pleased with you.
You visited 1 branch of the dungeon, and saw 3 of its levels.

You collected 82 gold pieces.

Inventory:

Hand Weapons
 a - a +0 hand axe (weapon)
Armour
 b - a +0 animal skin (worn)
 m - a +0 buckler (worn)
Jewellery
 k - a +4 ring of protection
Scrolls
 d - 2 scrolls of vulnerability {unknown}
 e - 4 scrolls of identify {unknown}
 g - a scroll of butterflies {unknown}
 j - a scroll of amnesia {unknown}
 l - a scroll of torment {unknown}
 n - a scroll of noise {unknown}
Potions
 c - a potion of curing {unknown}
 f - a potion of mutation {unknown}
 h - a potion of resistance {unknown}
 i - a potion of degeneration {unknown}


   Skills:
 - Level 3.6 Fighting
 + Level 6.7 Axes
 - Level 2.4 Armour
 - Level 2.1 Dodging


You had 3 spell levels left.
You didn't know any spells.
Your spell library was empty.

Dungeon Overview and Level Annotations

Branches:
Dungeon (3/15)

Altars:

Shops:
D:3 *


Innate Abilities, Weirdness & Mutations

You have a pair of horns on your head.
You reflexively headbutt those who attack you in melee.


Message History

You kill the rat!
Trog accepts your kill.
No target in view!
No target in view!
You now have 68 gold pieces (gained 14).
Found a robe and 4 stones.
You now have 82 gold pieces (gained 14).
Found 4 javelins. 3 gnolls come into view.
The gnoll shouts! x2
The gnoll moves out of view.
You hit the gnoll.
The gnoll is heavily wounded.
The gnoll misses you.
You hit the gnoll.
The gnoll is severely wounded.
The gnoll hits you from afar with a +0 halberd.
The gnoll hits you with a +0 whip.
You barely miss the gnoll.
The gnoll is severely wounded.
The gnoll throws a throwing net.
The throwing net barely misses you. The gnoll hits you with a +0 whip.
You hit the gnoll but do no damage. Your headbutt misses the gnoll.
The gnoll is severely wounded.
The gnoll hits you from afar with a +0 halberd!
The gnoll hits you with a +0 whip.
You are too injured to fight recklessly!
You are too injured to fight recklessly!
A red film seems to cover your vision as you go berserk!
You feel yourself moving faster!
You feel mighty!
The gnoll hits you from afar with a +0 halberd!
* * * LOW HITPOINT WARNING * * *
The gnoll hits you with a +0 whip!
* * * LOW HITPOINT WARNING * * *
You slash the gnoll!
You kill the gnoll!
Trog accepts your kill.
You hit the gnoll.
The gnoll hits you from afar with a +0 halberd.
You die...

#.....## #.....+......
#......####†....#[..(..
#......##..............
#......##.###...#.<....
###......................
....####.##.###.#.###....
##.......# #..........##
##.########.#.###.###..#
...............g@).......
##.#######..#.##.####(#..
#.# .. #g. #.. ...# ##..
..... ... ...... ....
....... ..... ##......


You could see 2 gnolls.

Vanquished Creatures
  A necrophage (D:2)
  2 adders (D:2)
  A gnoll (D:3)
  4 dart slugs
  4 ball pythons
  An endoplasm (D:1)
  2 giant cockroaches (D:1)
  6 goblins
  4 hobgoblins
  A quokka (D:1)
  3 bats (D:1)
  2 frilled lizards (D:2)
  3 rats
34 creatures vanquished.

Notes
Turn   | Place    | Note
-------+----------+-------------------------------------------
     0 | D:1      | Plasmagod the Minotaur Berserker began the quest for the
                  | Orb.
     0 | D:1      | Reached XP level 1. HP: 19/19 MP: 0/0
   134 | D:1      | Reached skill level 4 in Axes
   195 | D:1      | Found a faded altar of an unknown god.
   212 | D:1      | Reached XP level 2. HP: 26/26 MP: 1/1
   470 | D:2      | Noticed a necrophage
   521 | D:2      | Reached skill level 5 in Axes
   521 | D:2      | Reached XP level 3. HP: 26/31 MP: 2/2
   740 | D:2      | Reached ** piety under Trog
   920 | D:2      | Killed a necrophage
   921 | D:2      | Reached skill level 6 in Axes
   921 | D:2      | Reached XP level 4. HP: 39/39 MP: 3/3
  1224 | D:3      | Found Qilloh's Assorted Antiques.
  1437 | D:3      | HP: 2/58 [gnoll/+0 whip (7)]
  1438 | D:3      | Slain by a gnoll

Illustrated notes

Levels and vault maps discovered:
D:1:      evilmike_arrival_plus, layout_basic, chequers_ecumenical_altar_island
D:2:      layout_basic
D:3:      layout_basic, okawaru_metal_pillars_1_2, trog_wizard,
          chequers_temple_overflow_minitemple, serial_shops, shop_fountains,
          uniq_terence

Skill      XL: |  1  2  3 |
---------------+----------+-----
Axes           | 4 5 6 |  6.7
Fighting       | |  3.6
Armour         | |  2.4
Dodging        | |  2.1

Action                   |  1- 3 |  4- 6 || total
-------------------------+-------+-------++-------
Melee: Hand axe          |    44 |    20 ||    64
       Headbutt          |    11 |     1 ||    12
Invok: Berserk           |     1 |     1 ||     2
Armor: Animal skin       |     5 |     1 ||     6
Dodge: Dodged            |    27 |    17 ||    44
